 Dungeon Crawl Stone Soup version 0.18-a0-816-g97f838e (webtiles) character file.

83778 Raultor the Brawler (level 15, -5/153 HPs)
             Began as a Troll Monk on Dec 15, 2015.
             Was the Champion of the Shining One.
             Shot with an arrow by a deep elf archer (29 damage)
             ... on level 1 of the Elven Halls.
             The game lasted 01:42:56 (21580 turns).

Raultor the Brawler (Troll Monk)                   Turns: 21580, Time: 01:42:57

Health: -5/153     AC: 10    Str: 23    XL:     15   Next: 33%
Magic:  12/12      EV: 17    Int:  6    God:    the Shining One [******]
Gold:   1589       SH: 19    Dex: 19    Spells: 1 memorised, 13 levels left

rFire  + + .     SeeInvis .       - Unarmed
rCold  + . .     Clarity  .     Y - +2 robe {rC+ rF+}
rNeg   + + +     SustAt   .     S - +1 large shield {reflect}
rPois  +         Gourm    +     u - +1 hat
rElec  .         Spirit   .     F - +0 cloak {rPois}
rCorr  .         Dismiss  +     (gloves unavailable)
rMut   .         Stasis   .     (boots unavailable)
MR     ++...                    R - amulet of dismissal
Stlth  +.........               Q - ring of protection from magic {MR+, !d}
                                z - ring "Loosmurch" {rPois rF+ Dex+4}

@: glowing, very resistant to hostile enchantments, very unstealthy
A: unfitting armour, claws 3, horns 1, thin metallic scales 1, clumsy 1,
deformed body, fast metabolism 3, gourmand, low mp 1, regeneration 2, shaggy fur
1, tough skin 2
a: Divine Shield, Cleansing Flame, Summon Divine Warrior, Brand Weapon With Holy
Wrath, Renounce Religion


You were on level 1 of the Elven Halls.
You worshipped the Shining One.
The Shining One was exalted by your worship.
You were completely stuffed.

You visited 6 branches of the dungeon, and saw 23 of its levels.
You visited 1 bazaar.

You collected 2332 gold pieces.
You spent 743 gold pieces at shops.

Inventory:

Hand Weapons
 b - a +1 blowgun
   (You took it off a kobold on level 3 of the Dungeon)
 A - the +7 mace of Impatience {antimagic, rPois rF++ MR+++ Dex-2}
   (You found it on level 6 of the Dungeon)

   It disrupts the flow of magical energy around spellcasters and certain
   magical creatures (including the wielder).
   It affects your dexterity (-2).
   It greatly protects you from fire.
   It protects you from poison.
   It affects your resistance to hostile enchantments.
Missiles
 q - 54 poisoned needles
 B - 7 curare-tipped needles
 C - 20 large rocks (quivered) {!d}
 T - 5 throwing nets {=f, !d}
 V - 8 needles of frenzy
Armour
 u - a +1 hat (worn)
   (You found it on level 4 of the Dungeon)
 F - a +0 cloak of poison resistance (worn)
   (You took it off Maurice on level 9 of the Dungeon)
 S - a +1 large shield of reflection (worn)
   (You found it on level 8 of the Lair of Beasts)
 U - a +1 robe of magic resistance
   (You took it off an orc sorcerer on level 2 of the Orcish Mines)
 Y - a +2 robe of resistance (worn)
   (You took it off an orc sorcerer on level 2 of the Orcish Mines)
Jewellery
 p - an uncursed ring of see invisible {sInv, !d}
   (You found it on level 9 of the Dungeon)
 w - an uncursed ring of wizardry {Wiz+, !d}
   (You found it on level 6 of the Lair of Beasts)
 z - the ring "Loosmurch" (left claw) {rPois rF+ Dex+4}
   (You found it on level 6 of the Dungeon)

   [ring of protection from fire]

   It affects your dexterity (+4).
   It protects you from fire.
   It protects you from poison.
 Q - a ring of protection from magic (right claw) {MR+, !d}
   (You found it on level 8 of the Dungeon)
 R - an amulet of dismissal (around neck)
   (You found it on level 8 of the Dungeon)
 X - an uncursed ring of positive energy {rN+}
   (You found it on level 8 of the Dungeon)
Wands
 f - a wand of disintegration (24)
   (You found it on level 2 of the Lair of Beasts)
 s - a wand of heal wounds (4)
   (You found it on level 8 of the Lair of Beasts)
 H - a wand of digging (8)
   (You found it on level 7 of the Dungeon)
Scrolls
 c - 15 scrolls of remove curse
 h - 2 scrolls of enchant weapon
 k - 4 scrolls of identify
 n - 6 scrolls of teleportation
 o - 4 scrolls of amnesia
 y - 2 scrolls of recharging
 G - a scroll of fog
 N - a scroll of enchant armour
 O - 2 scrolls of fear
 W - 3 scrolls of blinking {!r}
Potions
 d - 5 potions of flight
 e - 5 potions of heal wounds
 g - 12 potions of curing
 j - 5 potions of agility
 r - a potion of invisibility
 t - 3 potions of brilliance
 v - 2 potions of berserk rage {!q}
 I - a potion of resistance
 K - 3 potions of might
 M - 4 potions of haste
 P - 2 potions of cancellation
Miscellaneous
 m - a box of beasts
   (You found it on level 3 of the Lair of Beasts)
 L - a lamp of fire
   (You found it on level 3 of the Lair of Beasts)
 Z - a sack of spiders
   (You found it on level 6 of the Lair of Beasts)
Comestibles
 a - 26 bread rations {@e1}
 i - 22 meat rations {@e2}
 l - 5 slices of pizza
 x - 24 beef jerkies
 D - 5 chunks of flesh {@w0}
 E - 3 royal jellies
 J - 28 fruits


   Skills:
 + Level 11.0 Fighting
 - Level 3.0 Maces & Flails
 - Level 5.8 Throwing
 + Level 1.3 Armour
 - Level 11.1 Dodging
 - Level 1.1 Stealth
 + Level 9.6 Shields
 + Level 16.1 Unarmed Combat


You had 13 spell levels left.
You knew the following spells:

 Your Spells              Type           Power        Failure   Level  Hunger
B - Summon Butterflies    Summ           #.......     98%         1    ##.....


Dungeon Overview and Level Annotations

Branches:
Dungeon (9/15)             Temple (1/1) D:7            Lair (8/8) D:8
 Shoals (0/4) Lair:5       Spider (0/4) Lair:3        Slime (2/6) Lair:8
    Orc (2/2) D:9             Elf (1/3) Orc:2

Altars:
Ashenzari
Cheibriados
Dithmenos
Elyvilon
Fedhas
Gozag
Kikubaaqudgha
Makhleb
Nemelex Xobeh
Okawaru
Pakellas
Qazlal
Ru
Sif Muna
Trog
Vehumet
Xom
Yredelemnul
Zin
The Shining One

Shops:
D:8 *   Orc:2 !(%:

Portals:
Pandemonium: Orc:2

Annotations:
Lair:1 exclusion: 3 oklob plants


Innate Abilities, Weirdness & Mutations

You are too large for most types of armour.
You have claws for hands.
Your metabolism is lightning-fast.
You like to eat raw meat.
You heal very quickly.
You are covered in fur (AC +1).
You have very tough skin (AC +2).
You have a pair of small horns on your head.
You are partially covered in thin metallic scales (AC +2).
You are clumsy. (Dex -2)
Armour fits poorly on your strangely shaped body.
Your magical capacity is low (-10% MP).


Message History

You hear a shout!
You see here 17 stones.
A deep elf knight comes into view. It is wielding a scimitar.
Your shield prevents you from hitting the deep elf knight.
You headbutt the deep elf knight! You mangle the deep elf archer!!
Your headbutt misses the deep elf archer.
Some of the chunks of flesh in your inventory have rotted away.
You claw the deep elf archer!
The deep elf knight drinks a potion.
The deep elf knight seems to grow stronger.
The deep elf archer shoots an arrow.
The arrow hits you!
You take 12 damage, and have 113/153 hp.
You closely miss the deep elf archer.
Your headbutt misses the deep elf archer.
You closely miss the deep elf archer.
The deep elf archer shoots an arrow.
You reflect the arrow off your +1 large shield of reflection!
The arrow is repelled.
You mangle the deep elf archer!! You headbutt the deep elf archer.
You kill the deep elf archer!
The deep elf archer shoots an arrow.
The arrow closely misses you.
The deep elf knight blocks your attack. x2
You block the deep elf knight's attack.
You mangle the deep elf knight!!
The deep elf knight hits you with a long sword!
You take 7 damage, and have 109/153 hp.
The deep elf knight's shroud bends your attack away.
The deep elf knight mumbles some strange words.
The deep elf knight seems to speed up.
The deep elf knight's shroud bends your attack away!!
The deep elf knight points at you and mumbles some strange words.
The stone arrow hits you!
You take 4 damage, and have 106/153 hp.
You barely miss the deep elf knight. You headbutt the deep elf knight.
The deep elf mage casts a spell.
The deep elf mage blinks!
You block the deep elf knight's attack.
The deep elf knight's shroud bends your attack away.
Your shield prevents you from hitting the deep elf knight.
The deep elf knight hits you with a long sword!
You take 13 damage, and have 94/153 hp.
The deep elf knight blocks your attack.
Your headbutt misses the deep elf knight.
You eviscerate the deep elf knight!!!
The deep elf knight's shroud falls apart!
You kill the deep elf knight!
The deep elf mage gestures wildly while chanting.
The deep elf mage blinks!
You claw the deep elf knight! You headbutt the deep elf knight.
The deep elf knight hits you with a scimitar!
The deep elf mage gestures wildly while chanting.
The deep elf mage blinks!
You take 16 damage, and have 79/153 hp.
You are too injured to fight recklessly!
You are too injured to fight recklessly!
Unknown command.
You scratch the deep elf knight.
The deep elf knight's shroud falls apart!
The deep elf knight hits you with a scimitar!!
You take 19 damage, and have 60/153 hp.
You barely miss the deep elf knight.
Your headbutt misses the deep elf knight.
The deep elf knight hits you but does no damage.
The deep elf mage gestures wildly while chanting.
The deep elf mage blinks!
You claw the deep elf knight!
You headbutt the deep elf knight, but do no damage.
You block the deep elf knight's attack.
The deep elf mage gestures at you while chanting.
The bolt of lightning hits you!
You take 12 damage, and have 49/153 hp.
You claw the deep elf knight!
You kill the deep elf knight!
The deep elf archer shoots an arrow.
The arrow completely misses you.
You mangle the deep elf mage!! You block the deep elf mage's attack.
The deep elf archer shoots an arrow.
The arrow misses you.
You closely miss the deep elf mage. Your headbutt misses the deep elf mage.
The deep elf mage casts a spell at you. The bolt of lightning misses you.
You mangle the deep elf mage!!
You kill the deep elf mage!
The deep elf archer shoots an arrow.
You reflect the arrow off your +1 large shield of reflection!
The arrow is repelled.
The deep elf archer is no longer repelling missiles.
The deep elf archer blinks!
The deep elf archer shoots an arrow.
The arrow completely misses you.
You see here an arrow.
Items here: ( )))) [[[[ † The deep elf archer shoots an arrow.
The arrow misses you.
The deep elf archer casts a spell at you.
You resist with almost no effort.
You scratch the deep elf archer.
The deep elf archer shoots an arrow.
The arrow hits you!!
* * * LOW HITPOINT WARNING * * *
x2 You take 34 damage, and have 23/153 hp.
MASSIVE DAMAGE!!
You claw the deep elf archer! You closely miss the deep elf archer.
The deep elf archer shoots an arrow.
The arrow hits you!!
You die...

#### ## ..# #
##.##.###########
#
##...............
#
#.#.#..........#
# ###.)#...# ...#
# #.#...#((##..#
# #(....#)(..# ##
#......#.@#....
.#
#...##(.##e.##.
.# #...##(.# ..#
## #(....(#..#...
#.....#....#...
#...(#..##..#..#
#...#...# .(.#.#
#
#..#..........##
# #..###.###.###


You could see a deep elf archer.

Vanquished Creatures
  Donald (Elf:1)
  A stone giant (Orc:2)
  A catoblepas (Lair:8)
  8 hydras
  11 death yaks
  2 dancing weapons (Elf:1)
  5 orc high priests (Orc:2)
  2 deep elf knights (Elf:1)
  2 fire crabs (Lair:8)
  Pikel (D:7)
  2 deep elf archers (Elf:1)
  A gelid demonspawn (Orc:2)
  A putrid demonspawn (Orc:2)
  A torturous demonspawn (Orc:2)
  7 orc sorcerers
  4 orc knights (Orc:2)
  2 manticores (Lair:8)
  3 griffons
  2 shining eyes
  10 deep elf magi
  9 elephants
  4 black mambas
  Maurice (D:9)
  21 spiny frogs
  An orange demon (Orc:2)
  An ice devil (Orc:2)
  2 fire drakes (Lair:8)
  3 hellwings (Orc:2)
  10 komodo dragons
  4 merfolk (Lair:5)
  9 polar bears
  9 blink frogs
  2 trolls
  11 slime creatures
  A jumping spider (Lair:3)
  A boulder beetle (Lair:6)
  A raiju (Lair:8)
  An air elemental (Elf:1)
  A trapdoor spider (Lair:3)
  A redback (Lair:3)
  A spriggan (D:7)
  A wyvern (Lair:8)
  A fire elemental (Elf:1)
  35 yaks
  10 hippogriffs
  3 basilisks
  9 wargs
  9 wolves (Lair:8)
  2 slaves (D:7)
  A necrophage (D:9)
  2 porcupines
  4 sky beasts
  12 water moccasins
  13 black bears
  28 orc warriors
  5 hell hounds (Lair:8)
  5 phantoms
  14 ogres
  6 centaurs
  An eye of draining (Slime:1)
  15 giant frogs
  23 crocodiles
  5 big kobolds
  3 gnoll sergeants
  5 scorpions
  An earth elemental (Elf:1)
  10 killer bees
  9 wights (D:9)
  4 crimson imps
  A quasit (D:8)
  3 jellies
  Crazy Yiuf (D:6)
  9 orc wizards
  A centaur skeleton (D:4)
  2 giant frog skeletons
  5 gnoll shamans
  17 hounds
  10 worker ants
  10 iguanas
  22 orc priests
  24 sheep
  2 hound skeletons (D:8)
  Robin (D:2)
  24 gnolls
  10 adders
  63 river rats
  2 shadow imps
  3 oozes (Lair:8)
  3 worms
  61 orcs
  3 ball pythons
  8 giant cockroaches
  17 hobgoblins
  25 jackals
  2 quokkas
  8 bats
  7 giant geckos
  6 giant newts
  18 goblins
  A jackal skeleton (D:4)
  17 kobolds
  A quokka skeleton (D:7)
  4 rats
  2 fungi (Lair:7)
  A plant (Lair:8)
791 creatures vanquished.

Vanquished Creatures (others)
  A cyclops (D:9)
  33 fungi
  34 plants
68 creatures vanquished.

Grand Total: 859 creatures vanquished

Notes
Turn   | Place    | Note
--------------------------------------------------------------
     0 | D:1      | Raultor the Troll Monk began the quest for the Orb.
     0 | D:1      | Reached XP level 1. HP: 22/22 MP: 0/0
   349 | D:1      | Reached XP level 2. HP: 29/29 MP: 1/1
   890 | D:2      | Found an opulent altar of Gozag.
   952 | D:2      | Reached XP level 3. HP: 36/36 MP: 2/2
  1189 | D:2      | Found a faded altar to an unknown god.
  1239 | D:2      | Noticed Robin
  1251 | D:2      | Reached skill level 3 in Fighting
  1267 | D:2      | Killed Robin
  1267 | D:2      | Reached XP level 4. HP: 42/45 MP: 3/3
  1461 | D:2      | Reached skill level 5 in Unarmed Combat
  1549 | D:3      | Reached skill level 3 in Dodging
  1570 | D:3      | Found a stormy altar of Qazlal.
  1628 | D:3      | Reached XP level 5. HP: 53/53 MP: 4/4
  2484 | D:4      | Reached skill level 1 in Throwing
  2531 | D:4      | Reached XP level 6. HP: 59/61 MP: 5/5
  2585 | D:4      | Reached skill level 6 in Unarmed Combat
  2696 | D:4      | Reached skill level 2 in Throwing
  2696 | D:4      | Reached XP level 7. HP: 64/68 MP: 6/6
  3140 | D:5      | Entered Level 5 of the Dungeon
  3185 | D:5      | Reached skill level 4 in Fighting
  3185 | D:5      | Reached skill level 7 in Unarmed Combat
  3228 | D:5      | Reached skill level 4 in Dodging
  3684 | D:5      | Found a radiant altar of Vehumet.
  3684 | D:5      | Found a shimmering altar of Xom.
  3779 | D:6      | Got a coiled golden ring
  3780 | D:6      | Identified the ring "Loosmurch" {rPois rF+ Dex+4} (You found it on level 6 of the Dungeon)
  3800 | D:6      | Reached skill level 3 in Throwing
  3839 | D:6      | Reached XP level 8. HP: 60/78 MP: 7/7
  4004 | D:6      | Reached skill level 8 in Unarmed Combat
  4258 | D:6      | Found a blossoming altar of Fedhas.
  4393 | D:6      | Found a deep blue altar of Sif Muna.
  4395 | D:6      | Found a sacrificial altar of Ru.
  4406 | D:6      | Found a glowing silver altar of Zin.
  4406 | D:6      | Found a bloodstained altar of Trog.
  4406 | D:6      | Found a snail-covered altar of Cheibriados.
  4406 | D:6      | Found a shadowy altar of Dithmenos.
  4409 | D:6      | Found a glowing golden altar of the Shining One.
  4410 | D:6      | Found an ancient bone altar of Kikubaaqudgha.
  4413 | D:6      | Became a worshipper of the Shining One
  4413 | D:6      | Reached * piety under the Shining One
  4413 | D:6      | Reached ** piety under the Shining One
  4415 | D:6      | Found an oddly glowing altar of Pakellas.
  4478 | D:6      | Reached skill level 4 in Throwing
  4487 | D:6      | Noticed Crazy Yiuf
  4510 | D:6      | Killed Crazy Yiuf
  4554 | D:6      | Got a bloodstained mace
  4555 | D:6      | Identified the +7 mace of Impatience {antimagic, rPois rF++ MR+++ Dex-2} (You found it on level 6 of the Dungeon)
  4634 | D:7      | Found a staircase to the Ecumenical Temple.
  4696 | Temple   | Entered the Ecumenical Temple
  4824 | D:7      | Reached skill level 5 in Dodging
  4886 | D:7      | Noticed Pikel
  4892 | D:7      | Killed Pikel
  4892 | D:7      | Reached skill level 5 in Fighting
  4892 | D:7      | Reached skill level 9 in Unarmed Combat
  4892 | D:7      | Reached XP level 9. HP: 66/88 MP: 0/8
  5029 | D:7      | Found a shimmering altar of Xom.
  5121 | D:7      | Learned a level 1 spell: Summon Butterflies
  5484 | D:8      | Reached skill level 5 in Throwing
  5739 | D:8      | Reached skill level 10 in Unarmed Combat
  5781 | D:8      | Noticed a komodo dragon
  5782 | D:8      | Found a staircase to the Lair.
  5787 | D:8      | Killed a komodo dragon
  5787 | D:8      | Reached skill level 6 in Dodging
  5793 | D:8      | Reached XP level 10. HP: 62/98 MP: 9/9
  5820 | D:8      | Found Mawiegala's Assorted Antiques.
  5862 | D:8      | Bought an orange potion for 19 gold pieces
  5862 | D:8      | Bought a lumpy green potion for 19 gold pieces
  5862 | D:8      | Bought a glowing pink potion for 19 gold pieces
  5862 | D:8      | Bought a runed shield for 99 gold pieces
  5862 | D:8      | Bought a fizzy yellow potion for 19 gold pieces
  6022 | D:8      | Got a warped dagger
  6023 | D:8      | Identified the cursed +1 dagger "Judostriz" {speed, rPois rN+ Dex-5} (You found it on level 8 of the Dungeon)
  6125 | D:8      | Reached *** piety under the Shining One
  6248 | D:8      | Reached skill level 6 in Fighting
  6337 | D:8      | Reached skill level 1 in Shields
  6608 | Lair:1   | Entered Level 1 of the Lair of Beasts
  6780 | Lair:1   | Reached skill level 2 in Shields
  6790 | Lair:1   | Reached skill level 11 in Unarmed Combat
  6900 | Lair:1   | Found a sacrificial altar of Ru.
  6973 | Lair:1   | Noticed a six-headed hydra
  7023 | Lair:1   | You fall through a shaft!
  7117 | Lair:1   | Reached skill level 7 in Dodging
  7117 | Lair:1   | Reached skill level 3 in Shields
  7315 | Lair:1   | Noticed an oklob plant
  7315 | Lair:1   | Noticed an oklob plant
  7316 | Lair:1   | Noticed an oklob plant
  7506 | Lair:1   | Reached XP level 11. HP: 107/107 MP: 10/10
  7664 | Lair:1   | Reached skill level 7 in Fighting
  8301 | Lair:2   | Reached **** piety under the Shining One
  8315 | Lair:2   | Reached skill level 1 in Maces & Flails
  8352 | Lair:2   | Reached skill level 12 in Unarmed Combat
  8819 | Lair:2   | Reached skill level 4 in Shields
  8991 | Lair:2   | Reached skill level 2 in Maces & Flails
  9243 | Lair:3   | Gained mutation: You have a pair of small horns on your head. [potion of beneficial mutation]
  9674 | Lair:3   | HP: 26/109 [blink frog (11)]
  9935 | Lair:3   | Reached skill level 3 in Maces & Flails
  9940 | Lair:3   | Found a hole to the Spider Nest.
 10326 | Lair:3   | Reached XP level 12. HP: 117/119 MP: 11/11
 10508 | Lair:3   | Noticed a six-headed hydra
 10722 | Lair:4   | Reached skill level 8 in Dodging
 11315 | Lair:5   | Reached skill level 5 in Shields
 11324 | Lair:5   | Reached skill level 8 in Fighting
 11371 | Lair:5   | Reached skill level 13 in Unarmed Combat
 12121 | Lair:5   | Found a staircase to the Shoals.
 13235 | Lair:6   | HP: 27/122 [boulder beetle (35)]
 13405 | Lair:6   | HP: 21/122 [boulder beetle (40)]
 13893 | Lair:7   | Noticed an eight-headed hydra
 13901 | Lair:7   | Reached skill level 6 in Shields
 13901 | Lair:7   | Reached skill level 14 in Unarmed Combat
 13903 | Lair:7   | Noticed a four-headed hydra
 13908 | Lair:7   | Reached XP level 13. HP: 88/130 MP: 9/12
 13915 | Lair:7   | Reached skill level 9 in Dodging
 14468 | Lair:7   | Reached skill level 9 in Fighting
 15322 | Lair:8   | Entered Level 8 of the Lair of Beasts
 15556 | Lair:8   | Reached skill level 7 in Shields
 15954 | Lair:8   | Reached skill level 15 in Unarmed Combat
 16453 | Lair:8   | Reached XP level 14. HP: 141/141 MP: 13/13
 16493 | Lair:8   | Reached ***** piety under the Shining One
 16709 | Lair:8   | Reached skill level 10 in Dodging
 16939 | Lair:8   | Found a staircase to the Slime Pits.
 16951 | Lair:8   | Reached skill level 8 in Shields
 17158 | Lair:8   | Reached skill level 10 in Fighting
 17517 | Lair:8   | Gained mutation: You are clumsy. (Dex -2) [a shining eye]
 17545 | Slime:1  | Entered Level 1 of the Pits of Slime
 17545 | Slime:1  | Noticed an acid blob
 17547 | Slime:1  | Gained mutation: Armour fits poorly on your strangely shaped body. [a shining eye]
 17799 | Slime:1  | Noticed an acid blob
 17951 | Slime:2  | Noticed an azure jelly
 17951 | Slime:2  | Noticed an acid blob
 18075 | Slime:2  | HP: 33/143 [something (29)]
 18493 | D:9      | Got a slimy quarterstaff
 18494 | D:9      | Identified the +7 quarterstaff of Insufficient Pleasure {crush, rElec rC+ MR- Dex+3} (You found it on level 9 of the Dungeon)
 18617 | D:9      | Found an iron altar of Okawaru.
 18931 | D:9      | Noticed Maurice
 18938 | D:9      | Killed Maurice
 19082 | D:9      | Found a staircase to the Orcish Mines.
 19338 | Orc:1    | Entered Level 1 of the Orcish Mines
 19531 | Orc:2    | Entered Level 2 of the Orcish Mines
 19531 | Orc:2    | Found Nauz's Food Shop.
 19657 | Orc:2    | Bought a bread ration for 60 gold pieces
 19657 | Orc:2    | Bought a meat ration for 60 gold pieces
 19657 | Orc:2    | Bought a meat ration for 60 gold pieces
 19657 | Orc:2    | Bought a slice of pizza for 18 gold pieces
 19657 | Orc:2    | Bought a meat ration for 60 gold pieces
 19657 | Orc:2    | Bought a bread ration for 60 gold pieces
 19657 | Orc:2    | Bought a beef jerky for 18 gold pieces
 19657 | Orc:2    | Bought a bread ration for 60 gold pieces
 19657 | Orc:2    | Bought a meat ration for 60 gold pieces
 19758 | Orc:2    | Found Iryopt's Distillery.
 19761 | Orc:2    | Found Myofit's Food Boutique.
 20097 | Orc:2    | Reached ****** piety under the Shining One
 20136 | Orc:2    | Reached skill level 9 in Shields
 20395 | Orc:2    | Bought a potion of invisibility for 112 gold pieces
 20566 | Orc:2    | Reached skill level 16 in Unarmed Combat
 20642 | Orc:2    | Found a staircase to the Elven Halls.
 20799 | Orc:2    | Reached XP level 15. HP: 152/152 MP: 14/14
 20855 | Orc:2    | Gained mutation: Your magical capacity is low (-10% MP). [a neqoxec]
 20874 | Orc:2    | Found Cuitsiqu's Antique Weapon Shoppe.
 20874 | Orc:2    | Found Opeonugu's Book Emporium.
 20875 | Orc:2    | Found a one-way gate leading to the halls of Pandemonium.
 20929 | Orc:2    | Reached skill level 11 in Dodging
 20954 | Elf:1    | Entered Level 1 of the Elven Halls
 20974 | Orc:2    | Gained mutation: You are partially covered in thin metallic scales (AC +2). [a neqoxec]
 21294 | Elf:1    | Noticed Donald
 21311 | Elf:1    | Killed Donald
 21328 | Elf:1    | Found a flickering gateway to a bazaar.
 21346 | Bazaar   | Entered a bazaar
 21346 | Bazaar   | Found Toto's Magic Scroll Boutique.
 21346 | Bazaar   | Found Monakaaf's Armour Shop.
 21346 | Bazaar   | Found Araodoiq's Jewellery Shop.
 21346 | Bazaar   | Found Huunith's Armour Boutique.
 21535 | Elf:1    | Reached skill level 11 in Fighting
 21535 | Elf:1    | Reached skill level 1 in Armour
 21578 | Elf:1    | HP: 27/153 [deep elf archer/arrow (31)]
 21580 | Elf:1    | Shot with an arrow by a deep elf archer

Vault maps used:
D:1:      dpeg_chamrin_arrival_tetris
D:2:      ecumenical_altar_2, minmay_door_square, nicolae_gozag_seed_capital,
          uniq_robin
D:3:      serial_aquarium, aquarium_bridge_island_small, aquarium_window_1,
          aquarium_window_fake, aquarium_view_2d, aquarium_view_4,
          nicolae_qazlal_general_emergency
D:4:      first_bread, minivault_5, minmay_joined_circles
D:5:      amethyst_overflow_temple_binary
D:6:      minitemple, kennysheep_mini, uniq_crazy_yiuf_cottage
D:7:      minmay_temple_entry_crystal_x, basic_altar, fountainhead, the_bakery,
          minivault_24, uniq_pikel
D:8:      kennysheep_housing_project, david_lair_shrubbed, serial_shops, shop,
          grunt_decor_one_mirror
D:9:      kennysheep_orc_monster_closet_entryway, basic_altar,
          minmay_sticks_and_stones, uniq_maurice
Temple:   temple_island_7
Lair:1:   minmay_lair_oklob_chamber, basic_altar, beast_lair_carwin_2,
          lemuel_fruit_tree, grunt_megastairs_5, infiniplex_staircase_pool_2,
          serial_bayou_shore_b
Lair:2:   bh_autumn_forest_stairs
Lair:3:   spider_nest_entry_a
Lair:4:   st_stairs_12
Lair:5:   elwin_shoals_entry_stream, grunt_forest_small_clearing_treed
Lair:6:   boulder_dual_corridor_run, lemuel_fruit_fields
Lair:8:   hangedman_lair_caniforms_friends, hangedman_lair_in_review,
          nicolae_slime_entry_slimehenge, minivault_19
Slime:2:  nicolae_slime_barrier
Orc:2:    pf_orc_diabolical, serial_shops, shop
Elf:1:    elf_arrival_002, serial_shops, bzr_entry_water,
          minmay_elf_annihilation, nrook_loot_triangle, minivault_26,
          grunt_megastairs_2, uniq_donald
Bazaar:   bazaar_minmay_generic_box

Action                   |  1- 3 |  4- 6 |  7- 9 | 10-12 | 13-15 || total
-------------------------+-------+-------+-------+-------+-------++-------
Melee: Unarmed           |   126 |   152 |   273 |   761 |  1077 ||  2389
       Mace              |       |       |    10 |    10 |    74 ||    94
 Fire: Blowgun           |       |       |     3 |       |       ||     3
Throw: Large rock        |       |       |       |       |    28 ||    28
Invok: Divine Shield     |       |       |     2 |     3 |     6 ||    11
Evoke: Wand              |       |       |       |     4 |     1 ||     5
  Use: Scroll            |       |       |     1 |    29 |     8 ||    38
       Potion            |       |       |       |     3 |     2 ||     5
 Stab: Sleeping          |       |     6 |     4 |     1 |       ||    11
  Eat: Chunk             |    17 |    13 |    29 |    74 |    71 ||   204

Vault maps used:
D:1:      dpeg_chamrin_arrival_tetris
D:2:      ecumenical_altar_2, minmay_door_square, nicolae_gozag_seed_capital,
          uniq_robin
D:3:      serial_aquarium, aquarium_bridge_island_small, aquarium_window_1,
          aquarium_window_fake, aquarium_view_2d, aquarium_view_4,
          nicolae_qazlal_general_emergency
D:4:      first_bread, minivault_5, minmay_joined_circles
D:5:      amethyst_overflow_temple_binary
D:6:      minitemple, kennysheep_mini, uniq_crazy_yiuf_cottage
D:7:      minmay_temple_entry_crystal_x, basic_altar, fountainhead, the_bakery,
          minivault_24, uniq_pikel
D:8:      kennysheep_housing_project, david_lair_shrubbed, serial_shops, shop,
          grunt_decor_one_mirror
D:9:      kennysheep_orc_monster_closet_entryway, basic_altar,
          minmay_sticks_and_stones, uniq_maurice
Temple:   temple_island_7
Lair:1:   minmay_lair_oklob_chamber, basic_altar, beast_lair_carwin_2,
          lemuel_fruit_tree, grunt_megastairs_5, infiniplex_staircase_pool_2,
          serial_bayou_shore_b
Lair:2:   bh_autumn_forest_stairs
Lair:3:   spider_nest_entry_a
Lair:4:   st_stairs_12
Lair:5:   elwin_shoals_entry_stream, grunt_forest_small_clearing_treed
Lair:6:   boulder_dual_corridor_run, lemuel_fruit_fields
Lair:8:   hangedman_lair_caniforms_friends, hangedman_lair_in_review,
          nicolae_slime_entry_slimehenge, minivault_19
Slime:2:  nicolae_slime_barrier
Orc:2:    pf_orc_diabolical, serial_shops, shop
Elf:1:    elf_arrival_002, serial_shops, bzr_entry_water,
          minmay_elf_annihilation, nrook_loot_triangle, minivault_26,
          grunt_megastairs_2, uniq_donald
Bazaar:   bazaar_minmay_generic_box

Table legend:
 A = Turns spent in this place as a percentage of turns spent in the entire game.
 B = Non-inter-level travel turns spent in this place as a percentage of non-inter-level travel turns spent in the entire game.
 C = Inter-level travel turns spent in this place as a percentage of turns spent in this place.
 D = Turns resting spent in this place as a percentage of non-inter-level travel turns spent in this place.
 E = Turns spent auto-exploring this place as a percentage of non-inter-level travel turns spent in this place.
 F = Non-inter-level travel turns spent in this place divided by the number of levels of this place that you've seen.
                   A       B       C       D       E      F
               +-------+-------+-------+-------+-------+----------------------
         Total | 100.0 | 100.0 |   0.7 |   2.0 |   9.5 | 273.8
       Dungeon |  33.9 |  34.0 |   0.5 |   0.9 |  13.0 | 248.0
        Temple |   0.2 |   0.1 |  10.0 |   0.0 |  77.8 |   9.0
          Lair |  48.7 |  48.6 |   0.8 |   2.7 |   7.4 | 399.2
    Slime Pits |   1.7 |   1.7 |   0.0 |   7.0 |   1.8 |  57.0
  Orcish Mines |  12.5 |  12.5 |   0.5 |   2.3 |   7.9 | 410.5
   Elven Halls |   2.9 |   2.9 |   0.0 |   0.0 |  10.1 | 189.0
        Bazaar |   0.2 |   0.2 |   0.0 |   0.0 |  45.5 |  11.0
               +-------+-------+-------+-------+-------+----------------------

Table legend:
 A = Kills in this place as a percentage of kills in entire the game.
 B = Kills by you in this place as a percentage of kills by you in the entire game.
 C = Kills by friends in this place as a percentage of kills by friends in the entire game.
 D = Other kills in this place as a percentage of other kills in the entire game.
 E = Experience gained in this place as a percentage of experience gained in the entire game.
 F = Experience gained in this place divided by the number of levels of this place that you have seen.
                   A       B       C       D       E      F
               +-------+-------+-------+-------+-------+----------------------
         Total | 100.0 | 100.0 |  -nan | 100.0 | 100.0 | 4986.8
       Dungeon |  37.4 |  37.3 |  -nan | 100.0 |   9.4 | 1251.7
          Lair |  44.9 |  44.9 |  -nan |   0.0 |  61.1 | 9135.8
    Slime Pits |   0.6 |   0.6 |  -nan |   0.0 |   1.0 | 618.5
  Orcish Mines |  15.0 |  15.0 |  -nan |   0.0 |  19.2 | 11499.5
   Elven Halls |   2.2 |   2.2 |  -nan |   0.0 |   9.3 | 11097.0
               +-------+-------+-------+-------+-------+----------------------
